 Dungeon Crawl Stone Soup version 0.32-a0-163-g159c032296 (webtiles) character file.

Game seed: 4381206819072441591

10658 thinkusstinkus the Fighter (level 11, -2/105 HPs)
             Began as a Minotaur Fighter on Feb 11, 2024.
             Was a High Priest of Okawaru.
             Slain by a nine-headed hydra (9 damage)
             ... on level 2 of the Lair of Beasts on Feb 12, 2024.
             The game lasted 00:18:50 (10041 turns).

thinkusstinkus the Fighter (Minotaur Fighter)      Turns: 10041, Time: 00:18:51

Health: -2/105     AC: 17    Str: 24    XL:     11   Next: 39%
Magic:  12/12      EV: 18    Int:  5    God:    Okawaru [*****.]
Gold:   710        SH: 12    Dex: 15    Spells: 10/10 levels left

rFire   + . .        k - +7 Throatcutter {drain, coup de grace}
rCold   . . .        c - +0 buckler
rNeg    . . .        G - +1 scale mail {rF+}
rPois   .            B - +0 hat
rElec   .            p - scarf {+Inv}
rCorr   .            s - +1 pair of gloves
SInv    .            u - +0 pair of boots
Will    .....        F - amulet of reflection Stlth
                     e - +5 ring of evasion
HPRegen 0.37/turn    D - ring of Propriety {AC+4 Dex+4}
MPRegen 0.13/turn

%: reflection
@: studying Fighting
A: horns 2, retaliatory headbutt
a: Renounce Religion, Evoke Invisibility, Heroism, Finesse, Duel


You were on level 2 of the Lair of Beasts.
You worshipped Okawaru.
Okawaru was extremely pleased with you.
You visited 3 branches of the dungeon, and saw 13 of its levels.
You also visited: Ossuary.

You collected 710 gold pieces.

Inventory:

Hand Weapons
 a - a +4 trident of chaos
 k - the +7 Throatcutter (weapon) {drain, coup de grace}
   (You took it off Terence on level 2 of the Dungeon)
Missiles
 f - 15 boomerangs (quivered)
 C - a throwing net
 H - 4 javelins
Armour
 c - a +0 buckler (worn)
 p - a scarf of invisibility (worn)
 s - a +1 pair of gloves (worn)
 u - a +0 pair of boots (worn)
 B - a +0 hat (worn)
 G - a +1 scale mail of fire resistance (worn)
 M - a +0 troll leather armour
Jewellery
 e - a +5 ring of evasion (left hand)
 y - the ring "Odogut" {Fire *Slow Str+6 Dex+3}
   (You found it in an ossuary)

   [ring of fire]

   Fire:      It enhances your fire magic.
   Str+6:     It affects your strength (+6).
   Dex+3:     It affects your dexterity (+3).
   rF+:       It protects you from fire.
   rC-:       It makes you vulnerable to cold.
   *Slow:     It may slow you when you take damage.
 D - the ring of Propriety (right hand) {AC+4 Dex+4}
   (You acquired it on level 1 of the Lair of Beasts)

   [ring of protection]

   AC+4:      It affects your AC (+4).
   Dex+4:     It affects your dexterity (+4).
 F - an amulet of reflection (around neck)
 K - an amulet of regeneration
Wands
 m - a wand of paralysis (11)
 o - a wand of roots (7)
 x - a wand of digging (8)
 E - a wand of flame (25)
 I - a wand of polymorph (3)
 L - a wand of quicksilver (5)
Scrolls
 i - 7 scrolls of teleportation
 z - a scroll of revelation
 A - 3 scrolls of blinking
 J - a scroll of fog
Potions
 b - a potion of ambrosia
 d - a potion of magic
 g - 2 potions of haste
 h - 2 potions of resistance
 j - a potion of curing
 l - 2 potions of attraction
 n - 2 potions of brilliance
 q - a potion of enlightenment {unknown}
 r - 2 potions of berserk rage
 t - 2 potions of mutation
 v - a potion of heal wounds {unknown}
 w - 3 potions of cancellation


   Skills:
 * Level 12.4 Fighting
 * Level 8.9 Long Blades
 - Level 3.2 Polearms
 + Level 5.4 Throwing
 * Level 10.0 Armour
 + Level 5.9 Dodging
 * Level 10.1 Shields
 + Level 3.8 Invocations
 - Level 2.4 Evocations


You had 10 spell levels left.
You didn't know any spells.
Your spell library contained the following spells:

 Spells                   Type           Power      Damage    Failure   Level
 Apportation              Tloc           0%         N/A       77%         1
 Kiss of Death            Conj/Necr      0%         2d5       77%         1
 Necrotise                Necr           0%         1d4       77%         1
 Sting                    Conj/Alch      0%         1d3       77%         1
 Cigotuvi's Dreadful Rot  Necr/Alch/Air  0%         N/A       88%         2
 Ensorcelled Hibernation  Hex/Ice        0%         N/A       88%         2
 Jinxbite                 Hex            0%         N/A       88%         2
 Mercury Vapours          Alch/Air       0%         N/A       88%         2
 Confusing Touch          Hex            0%         N/A       98%         3
 Fugue of the Fallen      Necr           0%         N/A       98%         3
 Ozocubu's Armour         Ice            0%         N/A       98%         3
 Anguish                  Hex/Necr       0%         N/A       100%        4
 Dispel Undead            Necr           0%         3d6       100%        4
 Manifold Assault         Tloc           0%         N/A       100%        4
 Olgreb's Toxic Radiance  Alch           0%         N/A       100%        4
 Alistair's Intoxication  Alch           0%         N/A       100%        5
 Yara's Violent Unravell  Hex/Alch       0%         3d3       100%        5
 Enfeeble                 Hex            0%         N/A       100%        7
 Summon Small Mammal      Summ           Unusable   N/A       N/A         1
 Spellforged Servitor     Conj/Summ      Unusable   N/A       N/A         7

Dungeon Overview and Level Annotations

Branches:
Dungeon (10/15)            Temple (1/1) D:7            Lair (2/5) D:10
    Orc (0/2) D:9         Ossuary (visited)
  Swamp: Lair:2-3    Shoals: Lair:2-3     Snake: Lair:2-3    Spider: Lair:2-3

Altars:
Ashenzari
Cheibriados
Dithmenos
Elyvilon
Fedhas
Gozag
Hepliaklqana
Kikubaaqudgha
Makhleb
Nemelex Xobeh
Okawaru
Qazlal
Ru
Sif Muna
Trog
Uskayaw
Vehumet
Wu Jian
Xom
Yredelemnul
Zin
The Shining One

Shops:
D:7 (   D:10 **[


Innate Abilities, Weirdness & Mutations

You have a pair of horns on your head.
You reflexively headbutt those who attack you in melee.


Message History

You headbutt the six-headed hydra.
The six-headed hydra is moderately wounded.
You block the six-headed hydra's attack.
The six-headed hydra misses you.
The six-headed hydra bites you but does no damage. x2
You block the six-headed hydra's attack.
The six-headed hydra bites you but does no damage.
You slice one of the six-headed hydra's heads off!
The five-headed hydra grows two more!
You slash the seven-headed hydra! You drain the seven-headed hydra.
You headbutt the seven-headed hydra!
The seven-headed hydra is heavily wounded.
The seven-headed hydra bites you. x2
* * * LOW HITPOINT WARNING * * *
The seven-headed hydra bites you.
* * * LOW HITPOINT WARNING * * *
The seven-headed hydra closely misses you.
The seven-headed hydra bites you but does no damage. x2
The seven-headed hydra bites you!
* * * LOW HITPOINT WARNING * * *
You chop one of the seven-headed hydra's heads off!
The six-headed hydra grows two more!
You hit the eight-headed hydra. You drain the eight-headed hydra.
The eight-headed hydra is heavily wounded.
You block the eight-headed hydra's attack.
The eight-headed hydra bites you but does no damage.
You block the eight-headed hydra's attack.
The eight-headed hydra closely misses you.
The eight-headed hydra completely misses you.
The eight-headed hydra bites you.
* * * LOW HITPOINT WARNING * * *
The eight-headed hydra closely misses you.
The eight-headed hydra bites you but does no damage.
You hack one of the eight-headed hydra's heads off!
The seven-headed hydra grows two more!
You slash the nine-headed hydra!
The nine-headed hydra is heavily wounded.
You block the nine-headed hydra's attack.
The nine-headed hydra bites you!
* * * LOW HITPOINT WARNING * * *
The nine-headed hydra bites you!
You die...

#######.##
###.#
#...#
##.## #.##
####.#
#.#..#
##†.##
##.@#
#.D##
##.##
#.†.##
##...##
#.P...#
##..###
#....
#...##


You could see a nine-headed hydra (drained).

Vanquished Creatures
  A two-headed ogre (D:10)
  3 black mambas (Lair:2)
  2 cane toads
  A rime drake (Lair:1)
  2 trolls
  3 blink frogs (Lair:1)
  A shadow (D:9)
  6 yaks (D:10)
  A basilisk (Lair:1)
  A warg (D:10)
  2 steam dragons
  4 water moccasins
  An acid dragon (D:10)
  2 sky beasts
  2 orc warriors (D:9)
  2 ice beasts
  A black bear (D:5)
  An ogre (D:4)
  5 wolves
  3 centaurs
  3 phantoms
  A weeping skull (Ossuary)
  A kobold brigand (D:8)
  Blork the orc (D:4)
  5 bullfrogs
  A gnoll sergeant (D:8)
  A scorpion (D:5)
  A wyvern zombie (D:6)
  10 wights
  2 burial acolytes (Ossuary)
  A water moccasin skeleton (D:6)
  11 killer bees (D:8)
  6 howler monkeys
  A bombardier beetle (D:5)
  3 hounds
  A jelly (D:7)
  5 orc priests
  4 centaur zombies
  2 gnoll boudas
  Terence (D:2)
  A sleepcap (D:8)
  2 iguanas (D:5)
  Ijyb (D:3)
  2 scorpion zombies (D:5)
  Natasha (D:3)
  12 orc wizards
  5 hound zombies
  2 mummies (Ossuary)
  A howler monkey zombie (D:6)
  13 gnolls
  9 adders
  2 howler monkey skeletons (D:5)
  3 white imps
  4 adder zombies (D:5)
  2 dart slugs
  2 ribbon worms (D:3)
  46 orcs
  7 ball pythons
  7 bats
  5 endoplasms
  4 giant cockroaches
  A gnoll zombie (Ossuary)
  4 goblins
  6 hobgoblins
  7 jackals
  5 quokkas
  2 frilled lizards (D:1)
  13 kobolds
  7 orc zombies (Ossuary)
  2 rats
283 creatures vanquished.

Notes
Turn   | Place    | Note
-------+----------+-------------------------------------------
     0 | D:1      | thinkusstinkus the Minotaur Fighter began the quest for the
                  | Orb.
     0 | D:1      | Reached XP level 1. HP: 19/19 MP: 0/0
   121 | D:1      | Reached XP level 2. HP: 26/27 MP: 1/1
   222 | D:1      | You fall into a shaft and drop 1 floor!
   445 | D:1      | Reached skill level 4 in Fighting
   619 | D:1      | Reached XP level 3. HP: 26/33 MP: 2/2
   775 | D:2      | Reached skill level 1 in Dodging
   897 | D:2      | Noticed Terence
   904 | D:2      | Killed Terence
   905 | D:2      | Reached XP level 4. HP: 29/40 MP: 3/3
  1560 | D:3      | Reached skill level 1 in Long Blades
  1560 | D:3      | Reached XP level 5. HP: 47/47 MP: 4/4
  1562 | D:3      | Reached skill level 1 in Throwing
  1655 | D:3      | Noticed Ijyb
  1659 | D:3      | Killed Ijyb
  1719 | D:3      | Found a faded altar of an unknown god.
  1730 | D:3      | Noticed Natasha
  1736 | D:3      | Killed Natasha
  1737 | D:3      | Reached skill level 5 in Shields
  1737 | D:3      | Reached XP level 6. HP: 47/55 MP: 5/5
  2339 | D:4      | Noticed Blork the orc
  2345 | D:4      | Killed Blork the orc
  2346 | D:4      | Reached skill level 5 in Fighting
  2346 | D:4      | Reached skill level 5 in Armour
  2519 | D:4      | Reached skill level 1 in Evocations
  2600 | D:4      | Reached XP level 7. HP: 35/61 MP: 6/6
  2928 | D:5      | Entered Level 5 of the Dungeon
  2974 | D:5      | Found a sand-covered staircase.
  2998 | Ossuary  | Entered an ossuary
  3023 | Ossuary  | Found an ancient bone altar of Kikubaaqudgha.
  3283 | Ossuary  | Identified the ring "Odogut" {Fire *Slow Str+6 Dex+3}
  3458 | Ossuary  | Reached XP level 8. HP: 61/70 MP: 7/7
  3459 | Ossuary  | Reached skill level 6 in Fighting
  4516 | D:6      | Identified a scroll of acquirement
  4516 | D:6      | Acquired a manual of Fighting
  4935 | D:6      | Reached skill level 7 in Fighting
  4935 | D:6      | Reached skill level 5 in Long Blades
  5197 | D:7      | Found a staircase to the Ecumenical Temple.
  5233 | D:7      | Reached XP level 9. HP: 68/79 MP: 8/8
  5259 | Temple   | Entered the Ecumenical Temple
  5275 | Temple   | Became a worshipper of Warmaster Okawaru
  5353 | D:7      | Noticed a komodo dragon
  5360 | D:7      | Found Tefesusch's Weapon Emporium.
  5371 | D:7      | Got the Anthology of the Damaging Necropsy
  5875 | D:7      | Reached skill level 8 in Fighting
  5945 | D:8      | Reached skill level 1 in Invocations
  6109 | D:8      | Reached * piety under Okawaru
  6415 | D:8      | Reached skill level 9 in Fighting
  7062 | D:9      | Reached ** piety under Okawaru
  7063 | D:9      | Reached XP level 10. HP: 92/92 MP: 10/10
  7342 | D:9      | Reached skill level 10 in Fighting
  7677 | D:9      | Found a staircase to the Orcish Mines.
  7843 | D:10     | Entered Level 10 of the Dungeon
  7892 | D:10     | Found Zin's Purification Station.
  7894 | D:10     | Found a glowing silver altar of Zin.
  7905 | D:10     | Found Epukhlac's Neck Hole.
  7928 | D:10     | Found Motofaen's Antique Armour Shoppe.
  7955 | D:10     | Noticed a two-headed ogre
  7967 | D:10     | Reached skill level 5 in Dodging
  7971 | D:10     | Killed a two-headed ogre
  7971 | D:10     | Reached *** piety under Okawaru
  8032 | D:10     | Found a staircase to the Lair.
  8085 | D:10     | Reached skill level 11 in Fighting
  8092 | D:10     | Reached **** piety under Okawaru
  8105 | D:10     | Reached skill level 5 in Throwing
  8726 | Lair:1   | Entered Level 1 of the Lair of Beasts
  8794 | Lair:1   | Reached XP level 11. HP: 84/103 MP: 12/12
  8920 | Lair:1   | Reached ***** piety under Okawaru
  9258 | Lair:1   | Reached skill level 12 in Fighting
  9477 | Lair:1   | Acquired the ring of Propriety {AC+4 Dex+4}
 10015 | Lair:2   | Noticed a fire crab
 10027 | Lair:2   | Reached skill level 10 in Shields
 10032 | Lair:2   | Reached skill level 10 in Armour
 10036 | Lair:2   | Noticed a five-headed hydra
 10041 | Lair:2   | Slain by a nine-headed hydra

Illustrated notes

Levels and vault maps discovered:
D:1:      minmay_arrival_open_corners, layout_rooms, minmay_tetromino_l2
D:2:      layout_basic, uniq_terence
D:3:      layout_basic, hellmonk_ecumenical_altar_leap_of_faith,
          minmay_misc_feat_rows, kennysheep_generic_room_2, uniq_ijyb,
          uniq_natasha
D:4:      layout_cave_pools, uniq_blork_the_orc
D:5:      layout_basic, mainiacjoe_ossuary_entry_find_the_door,
          minmay_hedge_maze
D:6:      layout_basic, serial_undead, serial_undead_f, serial_undead_b,
          serial_undead_b, serial_undead_c, nicolae_tricolors
D:7:      layout_loops_cross, temple_pool_b, serial_shops, shop,
          lightli_corner_chamber
D:8:      layout_basic
D:9:      layout_basic, david_orc_2
D:10:     layout_loops_ring, zin_purify, erik_lair_orcish_takeover,
          serial_shops, shop, nicolae_shop_sticking_my_neck_out
Temple:   compressed_dpeg_circular_temple
Lair:1:   layout_cave_pods, serial_bayou_pond_d
Lair:2:   layout_cave_pods, minmay_snake_entry_six_corridors,
          nicolae_quartered_pool_medium, infiniplex_staircase_pool_2,
          lemuel_fruit_tree

Skill      XL: |  1  2  3  4  5  6  7  8  9 10 11 |
---------------+----------------------------------+-----
Fighting       | 4 5 7 9 11 12 | 12.4
Shields        | 4 5 6 7 8 9 10 | 10.1
Armour         | 4 5 7 8 9 10 | 10.0
Polearms       | 3 |  3.2
Dodging        | 1 2 3 4 5 |  5.9
Long Blades    | 1 2 3 5 6 8 |  8.9
Throwing       | 1 2 3 4 5 |  5.4
Evocations     | 1 2 |  2.4
Invocations    | 2 3 |  3.8

Action                     |  1- 3 |  4- 6 |  7- 9 | 10-12 || total
---------------------------+-------+-------+-------+-------++-------
  Melee: Trident           |    87 |       |       |       ||    87
         Headbutt          |    11 |     9 |    54 |    28 ||   102
         Long sword        |       |    83 |   316 |   173 ||   572
  Throw: Boomerang         |       |       |       |     2 ||     2
    Use: Scroll            |     3 |     4 |    18 |     4 ||    29
         Potion            |       |       |     2 |     3 ||     5
 Armour: Scale mail        |    74 |    72 |   196 |    95 ||   437
  Dodge: Dodged            |    37 |    90 |   226 |   114 ||   467
  Block: Buckler           |    25 |    32 |    94 |    85 ||   236

Table legend: (Time is in decaauts)
 A = Elapsed time spent in this place.
 B = Non-inter-level travel time spent in this place.
 C = Inter-level travel time spent in this place.
 D = Time resting spent in this place.
 E = Time spent auto-exploring this place.
 F = Levels seen in this place.
 G = Mean time per level.
                   A        B        C        D        E       F      G
               +--------+--------+--------+--------+--------+-----+--------+
         Total |  10132 |   9824 |    308 |   1096 |   6508 |  14 |  723.7 |
       Dungeon |   8227 |   7970 |    257 |    905 |   5215 |  10 |  822.7 |
        Temple |     31 |     31 |      0 |      0 |      0 |   1 |   31.0 |
          Lair |   1315 |   1264 |     51 |     52 |   1046 |   2 |  657.5 |
       Ossuary |    557 |    557 |      0 |    139 |    247 |   1 |  557.0 |
               +--------+--------+--------+--------+--------+-----+--------+

Top non-repeatable levels by time:
  Lair:1: 1245 daAuts
     D:8: 1069 daAuts
     D:5: 955 daAuts
     D:3: 911 daAuts
    D:10: 887 daAuts
     D:9: 864 daAuts
     D:6: 778 daAuts
     D:2: 752 daAuts
     D:7: 700 daAuts
     D:4: 666 daAuts
     D:1: 641 daAuts
 Ossuary: 557 daAuts
  Lair:2: 70 daAuts
  Temple: 31 daAuts
